 Dungeon Crawl Stone Soup version 0.29.0-11-gd7f09526c8 (webtiles) character file.

Game seed: 8449165012354139972

1645 Turgor the Jinx (level 8, -17/37 HPs)
             Began as a Felid Summoner on Sept 4, 2022.
             Was an Initiate of Gozag.
             Demolished by a wolf spider simulacrum (20 damage)
             ... in a Gauntlet.
             The game lasted 01:55:56 (11204 turns).

Turgor the Jinx (Felid Summoner)                   Turns: 11204, Time: 01:55:58

Health: -17/37     AC:  2    Str:  4    XL:     8   Next: 67%
Magic:  16/16      EV: 18    Int: 27    God:    Gozag
Gold:   866        SH:  0    Dex: 17    Spells: 2/17 levels left
                                        Lives:  0   Deaths: 2

rFire   . . .      SeeInvis +     - Unarmed
rCold   . . .      Faith    .   (shield unavailable)
rNeg    . . .      Spirit   .   (body armour unavailable)
rPois   .          Reflect  .   (helmet unavailable)
rElec   .          Harm     .   (cloak unavailable)
rCorr   .          Rampage  .   (gloves unavailable)
Will    +....      NoTele   +   (boots unavailable)
Stlth   +++.......              w - amulet of regeneration
HPRegen 0.92/turn               F - +6 ring of intelligence
MPRegen 0.15/turn               g - ring of wizardry

@: quick
A: very small, claws 1, fangs 3, see invisible, speed 1, shaggy fur 2, stealthy
paws, no weapons or thrown items, no armour, multi-lived
a: Renounce Religion, Potion Petition, Call Merchant, Bribe Branch


You were in a Gauntlet.
You worshipped Gozag.
Gozag was pleased with you.
You visited 2 branches of the dungeon, and saw 10 of its levels.
You also visited: Gauntlet.

You collected 983 gold pieces.
You paid 117 gold pieces to Gozag.

Inventory:

Jewellery
 b - a ring of protection from fire
 g - a ring of wizardry (right paw)
 s - a ring of resist corrosion
 w - an amulet of regeneration (around neck)
 E - a ring of poison resistance
 F - a +6 ring of intelligence (left paw)
Wands
 r - a wand of paralysis (15)
 u - a wand of flame (16)
 v - a wand of mindburst (15)
Scrolls
 c - 3 scrolls of teleportation {unknown}
 f - 4 scrolls of vulnerability
 h - 3 scrolls of blinking
 l - a scroll of enchant weapon {unknown}
 m - a scroll of fear {unknown}
 n - a scroll of torment {unknown}
 q - 3 scrolls of poison {unknown}
 t - a scroll of silence {unknown}
 x - a scroll of magic mapping {unknown}
 y - a scroll of summoning
 z - a scroll of butterflies {unknown}
 B - a scroll of identify
Potions
 a - a potion of magic
 d - 6 potions of attraction
 e - 3 potions of curing
 i - 4 potions of heal wounds
 j - a potion of ambrosia
 k - a potion of berserk rage
 o - 2 potions of might
 p - a potion of invisibility
 A - a potion of degeneration {unknown}
 C - a potion of mutation {unknown}
 D - a potion of resistance {unknown}


   Skills:
 + Level 5.1 Fighting
 - Level 4.0 Dodging
 - Level 4.3 Stealth
 + Level 4.7 Unarmed Combat
 + Level 5.0 Spellcasting
 - Level 3.0 Conjurations
 - Level 9.0 Hexes
 * Level 8.5 Summonings
 * Level 5.5 Transmutations
 * Level 4.5 Air Magic


You had 2 spell levels left.
You knew the following spells:

 Your Spells              Type           Power      Damage    Failure   Level
a - Summon Small Mammal   Summ           100%       N/A       1%          1
b - Call Imp              Summ           51%        N/A       1%          2
c - Call Canine Familiar  Summ           51%        N/A       1%          3
d - Summon Guardian Gole  Hex/Summ       52%        N/A       1%          3
e - Fulminant Prism       Conj/Hex       19%        3d11      2%          4
f - Blink                 Tloc           12%        N/A       4%          2

Your spell library contained the following spells:

 Spells                   Type           Power      Damage    Failure   Level
 Static Discharge         Conj/Air       27%        3-7/arc   1%          2
 Confusing Touch          Hex            53%        N/A       1%          3
 Swiftness                Air            31%        N/A       1%          3
 Summon Lightning Spire   Summ/Air       41%        N/A       1%          4
 Conjure Flame            Conj/Fire      14%        6-21      4%          3
 Ignite Poison            Fire/Tmut/Pois 16%        N/A       4%          3
 Anguish                  Hex/Necr       15%        N/A       4%          4
 Yara's Violent Unravell  Hex/Tmut       23%        3d10      4%          5
 Lesser Beckoning         Tloc           6%         N/A       9%          3
 Iskenderun's Mystic Bla  Conj/Tloc      14%        2d5       16%         4
 Sticky Flame             Conj/Fire      14%        2d4       16%         4
 Fireball                 Conj/Fire      7%         3d5       38%         5
 Enfeeble                 Hex            26%        N/A       50%         7
 Lee's Rapid Deconstruct  Erth           3%         3d6*      58%         5
 Manifold Assault         Tloc           6%         N/A       58%         5
 Starburst                Conj/Fire      7%         6d4       90%         6
 Storm Form               Tmut/Air       16%        N/A       95%         7
 Ignition                 Fire           3%         3d4       100%        8
 Maxwell's Capacitive Co  Air            15%        ∞         100%        8


Dungeon Overview and Level Annotations

Branches:
Dungeon (11/15)            Temple (1/1) D:7            Lair (0/5) D:11
Gauntlet (1/1)
    Orc: D:9-12

Altars:
Ashenzari
Cheibriados
Dithmenos
Elyvilon
Fedhas
Gozag
Hepliaklqana
Kikubaaqudgha
Makhleb
Nemelex Xobeh
Okawaru
Qazlal
Ru
Sif Muna
Trog
Uskayaw
Xom
Yredelemnul
Zin
The Shining One

Annotations:
Gauntlet 11 transporters


Innate Abilities, Weirdness & Mutations

You have sharp claws.
You have razor-sharp teeth.
You have supernaturally acute eyesight. (SInv)
You cover ground quickly. (Speed+)
You are covered in thick fur. (AC +2)
Your paws help you pounce on unaware monsters.
You are incapable of wielding weapons or throwing items.
You cannot wear armour.
You gain extra lives every three experience levels.


Message History

The wolf misses you.
You scratch the wolf but do no damage.
The wolf is lightly wounded.
The moth of wrath goads the wolf on!
The wolf goes berserk!
The moth of wrath goads the wolf on!
The wolf goes berserk!
Your fulminant prism explodes!
The blast of energy engulfs the wolf!
The wolf is moderately wounded.
The blast of energy engulfs the moth of wrath!!
The moth of wrath is moderately wounded.
The blast of energy engulfs the wolf!!
The wolf is heavily wounded.
The blast of energy engulfs the wolf!
The wolf is heavily wounded.
The wolf bites you!
* * * LOW HITPOINT WARNING * * *
Aiming: Paralyse
Press: ? - help, Shift-Dir - straight line, f - wolf
Aim: a wolf (heavily wounded, berserk, chance to affect: 49%)
The wolf resists with some effort.
The wolf bites you.
* * * LOW HITPOINT WARNING * * *
The wolf barely misses you. x2
Unknown command.
Aiming: Paralyse
Press: ? - help, Shift-Dir - straight line, f/p - wolf
Aim: a wolf (heavily wounded, berserk, chance to affect: 49%)
The wolf resists with some effort.
The wolf barely misses you. The wolf bites you.
You die...
You are now level 8!
You rejoin the land of the living...
You hear a howl! x2
The harpy simulacrum misses you. The harpy simulacrum claws you!
The harpy simulacrum freezes you! The wolf spider simulacrum misses you.
The wolf spider simulacrum bites you!
* * * LOW HITPOINT WARNING * * *
The wolf spider simulacrum freezes you!!
Ouch! That really hurt!
You die...
Your body crumbles into a pile of gold.

## ### ### ### ### ###
##≈###≈###≈###≈###≈###≈##
#≈≈≈#≈≈≈#≈≈≈#≈≈≈#≈≈≈#≈≈≈#
#≈......................
##.#########...#########
##≈.#.......#.8.#..z##..#
#≈≈.##..##..#...###...#.# ..
##≈.###Z.##.#####..#..#.# #.8
##.#©##@Z###©.©#©[#©#..#
....##..#:.##..##.8.#!#..#..#
#.8.#...#[|.##..#...#.#..z###
#...#.∩.#ZZZ..Z.#.8.#.. ..#
#.©.#...#########...### ###
#...#.8.....#.....8.#........
#.©.#...#########...##### ###
#...#.∩.#.....###.8.#.P.#...#
#.8.#...#?##.####...#?#.#.#.#


You could see a harpy simulacrum, a wolf spider simulacrum and a centaur warrior
simulacrum.

Vanquished Creatures
  A centaur (D:7)
  A phantom (D:4)
  A bullfrog (D:8)
  A howler monkey (D:5)
  2 hounds (D:8)
  4 orc wizards (D:8)
  A gnoll (D:8)
  An adder (D:2)
  A shadow imp (D:7)
  2 orcs
  A ball python (D:3)
  2 bats
  2 endoplasms (D:2)
  2 hobgoblins
  A jackal (D:8)
  3 rats
26 creatures vanquished.

Vanquished Creatures (collateral kills)
  A hydra (D:11)
  A troll (D:11)
  Sigmund (D:3)
  A black bear (D:6)
  An ogre (D:7)
  An ice beast (D:6)
  A phantom (D:6)
  A kobold brigand (D:7)
  A scorpion (D:6)
  A gnoll sergeant (D:8)
  3 howler monkeys (D:11)
  A jelly (D:6)
  An orc priest (D:6)
  9 hounds
  2 gnoll boudas (D:8)
  Jessica (D:3)
  2 iguanas (D:6)
  2 orc wizards (D:6)
  Natasha (thrice) (D:3)
  12 adders
  19 gnolls
  3 white imps
  An ufetubus (D:4)
  3 worms (D:2)
  6 dart slugs
  16 orcs
  8 ball pythons
  7 endoplasms
  3 giant cockroaches
  6 goblins
  10 hobgoblins
  7 jackals
  A quokka (D:3)
  3 bats
  16 kobolds
  4 rats
159 creatures vanquished.

Vanquished Creatures (others)
  A boulder beetle (D:11)
  A two-headed ogre (D:8)
  Grum (D:8)
  A water moccasin (D:7)
  An ogre (D:6)
  2 centaurs
  A kobold brigand (D:7)
  Blork the orc (D:5)
  2 bullfrogs
  3 gnoll sergeants
  A scorpion (D:7)
  3 wights (D:5)
  A gnoll bouda (D:8)
  3 hounds
  4 iguanas
  3 orc wizards
  10 gnolls
  7 orcs
  2 kobolds (D:7)
  2 fulminant prisms
50 creatures vanquished.

Grand Total: 235 creatures vanquished

Notes
Turn   | Place    | Note
-------+----------+-------------------------------------------
     0 | D:1      | Turgor the Felid Summoner began the quest for the Orb.
     0 | D:1      | Reached XP level 1. HP: 7/7 MP: 4/4
   385 | D:1      | Reached XP level 2. HP: 12/12 MP: 4/6
   388 | D:1      | Learned a level 2 spell: Call Imp
   766 | D:1      | Found a faded altar of an unknown god.
   888 | D:1      | Reached skill level 1 in Fighting
  1207 | D:2      | Reached skill level 1 in Unarmed Combat
  1285 | D:2      | Reached XP level 3. HP: 13/15 MP: 5/7
  1289 | D:2      | Learned a level 3 spell: Call Canine Familiar
  1871 | D:2      | Reached XP level 4. HP: 19/19 MP: 5/8
  2081 | D:2      | Reached skill level 1 in Hexes
  2741 | D:3      | Noticed Jessica
  3027 | D:3      | Reached XP level 5. HP: 22/22 MP: 4/10
  3092 | D:3      | Reached skill level 2 in Hexes
  3243 | D:3      | Learned a level 3 spell: Summon Guardian Golem
  3384 | D:3      | Noticed Sigmund
  3422 | D:3      | Reached skill level 5 in Summonings
  3532 | D:3      | Noticed Natasha
  3547 | D:3      | Killed Natasha
  3594 | D:3      | Reached skill level 3 in Hexes
  3871 | D:3      | Noticed Natasha
  3962 | D:4      | Gained mutation: You are covered in thick fur. (AC +2)
                  | [Felid growth]
  3962 | D:4      | Reached XP level 6. HP: 25/27 MP: 7/11
  4298 | D:4      | Reached skill level 4 in Hexes
  4823 | D:5      | Entered Level 5 of the Dungeon
  5084 | D:5      | Reached XP level 7. HP: 30/30 MP: 4/12
  5160 | D:5      | Identified the +4 flail of Infinity {pain, rPois SInv}
  5220 | D:5      | Paralysed by a wight for 4 turns
  5243 | D:5      | Reached skill level 5 in Hexes
  5452 | D:5      | Noticed Blork the orc
  5714 | D:5      | Killed Blork the orc
  6122 | D:3      | Killed Jessica
  6123 | D:3      | Reached XP level 8. HP: 34/34 MP: 5/14
  6228 | D:3      | Killed Sigmund
  6229 | D:3      | Reached skill level 6 in Hexes
  6279 | D:3      | Found a large runed translucent door.
  6279 | D:3      | Found a large runed translucent door.
  6290 | D:3      | Killed Natasha
  6298 | D:3      | Noticed Natasha
  6303 | D:3      | Killed Natasha
  6388 | D:3      | Found an iron altar of Okawaru.
  6400 | D:3      | Found a snail-covered altar of Cheibriados.
  6483 | D:5      | Learned a level 4 spell: Fulminant Prism
  6808 | D:6      | Reached skill level 1 in Conjurations
  6808 | D:6      | Reached skill level 1 in Transmutations
  6904 | D:6      | Reached skill level 1 in Air Magic
  7125 | D:6      | Reached skill level 7 in Hexes
  7529 | D:6      | Found a shimmering altar of Xom.
  8005 | D:7      | Noticed a komodo dragon
  8185 | D:7      | Reached XP level 9. HP: 39/39 MP: 16/16
  8322 | D:7      | Got the Octavo of the Zephyr
  8332 | D:7      | Found a staircase to the Ecumenical Temple.
  8350 | Temple   | Entered the Ecumenical Temple
  8407 | Temple   | Became a worshipper of Gozag Ym Sagoz the Greedy
  8857 | D:7      | Found a white marble altar of Elyvilon.
  8857 | D:7      | Found a bloodstained altar of Trog.
  8977 | D:7      | Found a basalt altar of Yredelemnul.
  9272 | D:8      | Reached skill level 8 in Hexes
  9374 | D:8      | Found a shadowy altar of Dithmenos.
  9551 | D:8      | Noticed Grum
  9568 | D:8      | Killed Grum
 10036 | D:8      | Noticed a two-headed ogre
 10061 | D:8      | Killed a two-headed ogre
 10062 | D:8      | Reached XP level 10. HP: 43/43 MP: 8/17
 10171 | D:8      | Reached skill level 9 in Hexes
 10880 | D:8      | You fall into a shaft and drop 3 floors!
 10916 | D:11     | Noticed a boulder beetle
 10918 | D:11     | Noticed a four-headed hydra
 10957 | D:11     | Killed a boulder beetle
 10958 | D:11     | Reached skill level 5 in Transmutations
 10963 | D:11     | Reached skill level 5 in Fighting
 10969 | D:11     | Killed a seven-headed hydra
 10969 | D:11     | Killed by an exploding themself... ignited by their inner
                  | flame
 10970 | D:11     | Reached XP level 9. HP: -2/40 MP: 0/17
 10970 | D:11     | Reached skill level 5 in Spellcasting
 11000 | D:11     | Found a staircase to the Lair.
 11002 | D:11     | Noticed a gargoyle
 11056 | D:11     | Found a gate leading to a gauntlet.
 11059 | Gauntlet | Entered a Gauntlet
 11059 | Gauntlet | Noticed a moth of wrath
 11059 | Gauntlet | Found a transporter.
 11059 | Gauntlet | Found a transporter.
 11060 | Gauntlet | Noticed an elephant
 11061 | Gauntlet | Found a transporter.
 11061 | Gauntlet | Found a transporter.
 11061 | Gauntlet | Noticed an elephant
 11061 | Gauntlet | Noticed a torpor snail
 11063 | Gauntlet | Noticed an elephant
 11065 | Gauntlet | Found a transporter.
 11065 | Gauntlet | Found a transporter.
 11066 | Gauntlet | Noticed an elephant
 11068 | Gauntlet | Noticed an elephant
 11070 | Gauntlet | Noticed an elephant
 11096 | Gauntlet | Found the +2 cloak of the Thief {*Fog Slay-2 SInv Stlth+}
 11097 | Gauntlet | Found a transporter.
 11101 | Gauntlet | Found a transporter.
 11105 | Gauntlet | Learned a level 2 spell: Blink
 11120 | Gauntlet | Found a transporter.
 11128 | Gauntlet | Found a transporter.
 11131 | Gauntlet | Noticed a spectral centaur warrior
 11135 | Gauntlet | Noticed a death drake
 11152 | Gauntlet | Found a transporter.
 11156 | Gauntlet | Found a transporter.
 11159 | Gauntlet | Noticed an eye of devastation
 11198 | Gauntlet | Slain by a wolf
 11199 | Gauntlet | Reached XP level 8. HP: -2/37 MP: 14/16
 11204 | Gauntlet | Demolished by a wolf spider simulacrum

Illustrated notes

Levels and vault maps discovered:
D:1:      minmay_arrival_jagged, layout_loops_ring,
          chequers_ecumenical_altar_lobes, minmay_tromino_i4
D:2:      minmay_diamond_boxcup, layout_loops_cross
D:3:      layout_basic, jmf_multi_god_temple2, uniq_jessica, uniq_natasha,
          uniq_sigmund
D:4:      layout_cave_pools
D:5:      layout_gridville, uniq_blork_the_orc
D:6:      layout_cave_pods, kennysheep_mini_moat, kennysheep_generic_room_2
D:7:      layout_basic, mainiacjoe_overflow_surrounded_room, minitemple,
          minmay_temple_entry_tees
D:8:      layout_cave_pools, mainiacjoe_overflow_brackets, serial_gnoll_camp,
          gnoll_camp_mini_house, gnoll_camp_medium_02, gnoll_camp_huts_basic,
          grums_kennel
D:11:     layout_cave_pools, lair_entry_dummy, gauntlet_entry_generic,
          grunt_ministairs_6, lemuel_old_faithful
Temple:   nicolae_temple_bog_church
Gauntlet: minmay_gauntlet_77_indecision [minmay_gauntlet_arena_77_block_sizes,
          minmay_gauntlet_arena_77_hold_the_fort,
          minmay_gauntlet_arena_77_two_paths, minmay_gauntlet_arena_77_squiggly,
          minmay_gauntlet_arena_77_p_blocks, minmay_gauntlet_arena_77_two_lines,
          nicolae_gauntlet_exit_dead_adventurers]

Skill      XL: |  1  2  3  4  5  6  7  8  9 10 |
---------------+-------------------------------+-----
Fighting       | 1 2 3 4 5 |  5.1
Unarmed Combat | 1 2 3 4 |  4.7
Hexes          | 1 3 4 5 7 8 9 |  9.0
Summonings     | 5 6 7 8 |  8.5
Spellcasting   | 3 4 5 |  5.0
Dodging        | 3 4 |  4.0
Stealth        | 3 4 |  4.3
Conjurations   | 2 3 |  3.0
Transmutations | 2 4 5 |  5.5
Air Magic      | 1 3 4 |  4.5

Action                   |  1- 3 |  4- 6 |  7- 9 | 10-12 || total
-------------------------+-------+-------+-------+-------++-------
Melee: Unarmed           |    26 |    32 |    55 |    15 ||   128
       Bite              |     1 |     1 |     5 |     5 ||    12
       Punch             |       |       |     1 |       ||     1
 Cast: Summon Small Mamm |    21 |    27 |    23 |     5 ||    76
       Call Imp          |    19 |    37 |    30 |     5 ||    91
       Call Canine Famil |       |    16 |    38 |     6 ||    60
       Summon Guardian G |       |     4 |    52 |    17 ||    73
       Fulminant Prism   |       |       |     1 |     1 ||     2
Evoke: Wand              |       |       |     6 |       ||     6
  Use: Scroll            |     1 |       |     7 |     3 ||    11
 Stab: Sleeping          |     1 |       |     1 |       ||     2
       Distracted        |       |       |     3 |       ||     3
Armor: Skin              |     2 |     2 |     2 |       ||     6
Dodge: Dodged            |    22 |    30 |    40 |    19 ||   111
